 Dungeon Crawl Stone Soup version 0.29-a0-384-g6960b1960d (webtiles) character file.

Game seed: 10444005960244340378

1 joe1234567 the Charlatan (level 1, 0/13 HPs)
             Began as a Human Wanderer on May 8, 2022.
             Slain by a goblin
             ... wielding a +0 club
              (3 damage)
             ... on level 1 of the Dungeon.
             The game lasted 00:01:07 (124 turns).

joe1234567 the Charlatan (Human Wanderer)            Turns: 124, Time: 00:01:08

Health: 0/13       AC:  3    Str: 15    XL:     1   Next: 22%
Magic:  3/3        EV: 11    Int: 10    God:
Gold:   0          SH:  0    Dex: 11    Spells: 4/4 levels left

rFire   . . .      SeeInvis .   a - +0 shortbow
rCold   . . .      Faith    .   (shield currently unavailable)
rNeg    . . .      Spirit   .   e - +0 leather armour
rPois   .          Reflect  .   (no helmet)
rElec   .          Harm     .   (no cloak)
rCorr   .          Rampage  .   (no gloves)
Will    .....                   (no boots)
Stlth   +.........              (no amulet)
HPRegen 0.04/turn               (no ring)
MPRegen 0.08/turn               (no ring)

@: no status effects
A: no striking features
a: no special abilities


You were on level 1 of the Dungeon.
You visited 1 branch of the dungeon, and saw 1 of its levels.

Inventory:

Hand Weapons
 a - a +0 shortbow (weapon)
Armour
 e - a +0 leather armour (worn)
 g - a +0 barding
Scrolls
 b - 2 scrolls of blinking
 f - a scroll of identify {unknown}
 h - a scroll of fear {unknown}
Potions
 c - a potion of might
Miscellaneous
 d - a piece from Xom's chessboard (8/15) (quivered)


   Skills:
 + Level 1.0 Bows
 + Level 1.0 Dodging
 + Level 2.0 Unarmed Combat
 + Level 2.0 Spellcasting
 + Level 1.0 Invocations
 + Level 3.1 Evocations


You had 4 spell levels left.
You didn't know any spells.
Your spell library was empty.

Dungeon Overview and Level Annotations

Branches:
Dungeon (1/15)

Altars:


Message History

You see here 13 gold pieces.
The kobold attacks as you move away! The kobold hits you but does no damage.
Found a stone staircase leading down.
The kobold attacks as you move away!
The kobold hits you with a +0 short sword.
A rat comes into view.
The rat moves out of view.
The kobold attacks as you move away!
The kobold hits you with a +0 short sword.
The kobold misses you. The rat attacks as you move away!
The rat bites you but does no damage.
There is a stone staircase leading down here.
The rat completely misses you. The kobold misses you.
Really walk into that teleport trap?
The rat attacks as you move away! The rat misses you.
You enter a teleport trap!
The teleport trap disappears.
Your surroundings suddenly seem different.
A goblin comes into view. It is wielding a +0 club.
Found 23 gold pieces.
The goblin barely misses you.
Found a dagger.
The goblin attacks as you move away! The goblin closely misses you.
A bat comes into view.
You barely miss the goblin. The goblin hits you but does no damage.
The bat misses you.
You barely miss the goblin. The bat closely misses you. x2
The bat hits you but does no damage. The goblin barely misses you.
The goblin hits you but does no damage.
You closely miss the goblin. The bat hits you. The bat barely misses you.
The bat hits you but does no damage. The goblin misses you.
The bat barely misses you.
You closely miss the goblin. The bat closely misses you. The goblin misses you.
The goblin hits you but does no damage.
You barely miss the goblin. The bat closely misses you.
The goblin hits you but does no damage.
You clumsily bash the goblin but do no damage.
The bat barely misses you. The bat hits you but does no damage.
The goblin hits you with a +0 club.
* * * LOW HITPOINT WARNING * * *
The goblin hits you with a +0 club.
You die...

#.# .. ##. #.# ... #..
#.#.... ... #.#....
#.#########.#....
#.#..?......+....
#.#.#######.#....
########.#.####.........
......b@g.......##.####.
########.#.###..##.#
#.#.... #.# #$##### #.#
..# ####. #.# ... .....
#.# .... ....##.# $..)
...#.# #.#.####+


You could see a goblin and a bat.

Vanquished Creatures
  A giant cockroach (D:1)
1 creature vanquished.

Notes
Turn   | Place    | Note
-------+----------+-------------------------------------------
     0 | D:1      | joe1234567 the Human Wanderer began the quest for the Orb.
     0 | D:1      | joe1234567 set off with the following items: a +0 shortbow,
                  | 2 scrolls of blinking, a potion of might, a piece from
                  | Xom's chessboard (15/15), a +0 leather armour
     0 | D:1      | Reached XP level 1. HP: 13/13 MP: 3/3
   124 | D:1      | Slain by a goblin

Illustrated notes

Levels and vault maps discovered:
D:1:      shiori_arrival_maze, layout_basic, serial_shops, shop

Action                   || total
-------------------------++-------
Melee: Shortbow          ||    11
Evoke: Piece from Xom's  ||     7
 Stab: Paralysed         ||     5
Armor: Leather armour    ||    11
Dodge: Dodged            ||    20

Table legend: (Time is in decaauts)
 A = Elapsed time spent in this place.
 B = Non-inter-level travel time spent in this place.
 C = Inter-level travel time spent in this place.
 D = Time resting spent in this place.
 E = Time spent auto-exploring this place.
 F = Levels seen in this place.
 G = Mean time per level.
                   A        B        C        D        E       F      G
               +--------+--------+--------+--------+--------+-----+--------+
         Total |    128 |    128 |      0 |      0 |      0 |   1 |  128.0 |
       Dungeon |    128 |    128 |      0 |      0 |      0 |   1 |  128.0 |
               +--------+--------+--------+--------+--------+-----+--------+

Top non-repeatable levels by time:
     D:1: 128 daAuts
